 Dungeon Crawl Stone Soup version 0.27.1-33-g824d729ab1 (webtiles) character file.

Game seed: 9223450157147844569

21513 zeram the Whirler (level 12, -3/53 HPs)
             Began as a Spriggan Hunter on Dec 16, 2021.
             Was an Initiate of Gozag.
             Slain by a meliai (6 damage)
             ... while petrified by a basilisk
             ... on level 3 of the Lair of Beasts.
             The game lasted 00:33:16 (16868 turns).

zeram the Whirler (Spriggan Hunter)                Turns: 16868, Time: 00:33:17

Health: -3/53      AC:  6    Str:  8    XL:     12   Next: 54%
Magic:  13/13      EV:  4    Int: 17    God:    Gozag
Gold:   2049       SH:  0    Dex: 16    Spells: 9/11 levels left

rFire    + . .     SeeInvis +   a - +3 hunting sling (venom)
rCold    . . .     Faith    .   (shield restricted)
rNeg     + + +     Spirit   .   c - +1 robe
rPois    ∞         Reflect  .   (helmet restricted)
rElec    .         Harm     .   l - +2 cloak
rCorr    .         Rampage  .   (gloves unavailable)
Will     ++...                  (boots unavailable)
Stlth    ++........             K - amulet of regeneration
HPRegen  1.17/turn              e - ring of protection from fire
MPRegen  0.13/turn              C - +4 ring of evasion

@: petrified, very quick
A: very small, no large weapons, unfitting armour, see invisible, speed 3
a: Renounce Religion, Potion Petition, Call Merchant, Bribe Branch


You were on level 3 of the Lair of Beasts.
You worshipped Gozag.
Gozag was most pleased with you.
You visited 3 branches of the dungeon, and saw 15 of its levels.
You also visited: Ossuary.

You collected 2513 gold pieces.
You spent 360 gold pieces at shops.
You paid 104 gold pieces to Gozag.

Inventory:

Hand Weapons
 a - a +3 hunting sling of venom (weapon)
 b - a +0 short sword
 y - a +0 dagger
Missiles
 j - 35 stones
 r - 22 sling bullets (quivered ammo)
 D - 17 poisoned darts
 N - 2 throwing nets
Armour
 c - a +1 robe (worn)
 l - a +2 cloak (worn)
Jewellery
 e - a ring of protection from fire (left hand)
 g - a ring of ice
 m - a ring of wizardry
 p - a ring of positive energy
 q - a +6 ring of intelligence
 u - a +6 ring of strength
 C - a +4 ring of evasion (right hand)
 K - an amulet of regeneration (around neck)
Wands
 v - a wand of flame (24)
 w - a wand of iceblast (23)
 x - a wand of paralysis (3)
 G - a wand of digging (3)
Scrolls
 d - 2 scrolls of amnesia
 f - a scroll of brand weapon
 h - 9 scrolls of teleportation
 z - 5 scrolls of fog
 E - 2 scrolls of fear
 F - 2 scrolls of immolation
 O - a scroll of torment
 P - a scroll of magic mapping
Potions
 i - 4 potions of flight
 k - a potion of cancellation
 n - 2 potions of lignification
 o - 2 potions of mutation
 s - 6 potions of attraction
 t - 4 potions of brilliance
 A - 3 potions of curing
 B - a potion of degeneration {unknown}
 H - a potion of haste
 I - 2 potions of invisibility
 J - a potion of ambrosia {unknown}
 L - a potion of magic {unknown}
 M - a potion of resistance {unknown}


   Skills:
 - Level 1.5 Fighting
 + Level 20.8 Slings
 + Level 11.0 Dodging
 - Level 1.5 Stealth
 * Level 4.6 Translocations


You had 9 spell levels left.
You knew the following spells:

 Your Spells              Type           Power      Damage    Failure   Level
a - Blink                 Tloc           N/A        N/A       5%          2

Your spell library contained the following spells:

 Spells                   Type           Power      Damage    Failure   Level
 Gell's Gravitas          Tloc           7%         N/A       11%         3
 Teleport Other           Tloc           15%        N/A       11%         3
 Manifold Assault         Tloc           15%        N/A       67%         5
 Dispersal                Tloc           7%         N/A       99%         6
 Freezing Cloud           Conj/Ice/Air   0%         6-21      100%        5
 Simulacrum               Ice/Necr       0%         N/A       100%        6
 Storm Form               Tmut/Air       0%         N/A       100%        7
 Polar Vortex             Ice            0%         N/A       100%        9


Dungeon Overview and Level Annotations

Branches:
Dungeon (11/15)            Temple (1/1) D:4            Lair (3/6) D:9
Ossuary (visited)
  Swamp: Lair:2-4    Shoals: Lair:2-4     Snake: Lair:2-4    Spider: Lair:2-4
    Orc: D:9-12

Altars:
Ashenzari
Cheibriados
Dithmenos
Elyvilon
Fedhas
Gozag
Hepliaklqana
Kikubaaqudgha
Makhleb
Nemelex Xobeh
Okawaru
Qazlal
Ru
Sif Muna
Trog
Uskayaw
Vehumet
Wu Jian
Xom
Yredelemnul
Zin
The Shining One

Shops:
D:10 =

Annotations:
D:10 math4jedi's ghost, novice MiBe


Innate Abilities, Weirdness & Mutations

You are very small and have problems with some larger weapons.
You are too small for most types of armour.
You have supernaturally acute eyesight. (SInv)
You cover ground extremely quickly. (Speed+++)


Message History

You shoot a sling bullet. The sling bullet hits the basilisk.
The basilisk looks as sick as possible!
The basilisk is no longer distracted by gold.
The basilisk is heavily wounded.
Your limbs are stiffening.
You shoot a sling bullet.
The sling bullet barely misses the basilisk.
The sling bullet hits the meliai but does no damage.
The meliai is poisoned.
The basilisk is no longer distracted by gold.
The basilisk hisses menacingly.
The meliai is distracted by your dazzling golden aura.
The basilisk gazes at you. You resist with almost no effort.
You have turned to stone.
You hear the rumble of a distant avalanche of rocks.
The meliai is no longer distracted by gold.
The basilisk is distracted by your dazzling golden aura.
The meliai hits you with a +0 hand axe.
The meliai stings you but does no damage.
The basilisk gazes at you. You resist with almost no effort.
The basilisk looks more healthy.
The meliai hits you with a +0 hand axe.
The meliai stings you but does no damage.
The meliai is distracted by your dazzling golden aura.
The wyvern bites you. The wyvern bites you! The basilisk bites you!
The meliai buzzes angrily.
The basilisk hisses angrily.
The basilisk is no longer distracted by gold.
The wyvern bites you! The basilisk bites you.
The wyvern bites you! x2; The basilisk bites you!
The wyvern bites you. The basilisk bites you!
* * * LOW HITPOINT WARNING * * *
The meliai is no longer distracted by gold.
The wyvern bites you!
* * * LOW HITPOINT WARNING * * *
The meliai hits you but does no damage. The meliai stings you.
* * * LOW HITPOINT WARNING * * *
The wyvern barely misses you. The meliai hits you with a +0 hand axe!
You die...
Your body crumbles into a pile of gold.

. (# ..# ?..( #####
##### $..(# ##...##
##...#(...# ##.....##
##.y..l## #.......#
#..ly...#
#####.....#####.@l..##
#.####...........l.##
...#######.....#####
#P...##.#.......#
.....##.........#
.................#
..................#
........#...#.......
...........#.......P


You could see 3 basilisks, a wyvern, a meliai (poisoned) and a killer bee.

Vanquished Creatures
  The ghost of Joey1 the Cleaver, a journeyman MiBe of Trog (D:10)
  Harold (Lair:2)
  An ogre mage (D:11)
  A catoblepas (Lair:2)
  2 two-headed ogres (D:10)
  5 death yaks (Lair:2)
  Urug (Lair:2)
  Maurice (D:9)
  8 centaur zombies
  Joseph (D:7)
  Maggie (D:9)
  A gargoyle (D:11)
  2 cane toads (Lair:2)
  A rime drake (Lair:1)
  3 komodo dragons
  Psyche (D:8)
  A kobold demonologist (D:10)
  3 trolls
  2 hornets
  Sigmund (D:6)
  A shadow (D:9)
  A wyvern (D:9)
  A vampire (D:10)
  3 basilisks
  2 fire bats (Lair:1)
  14 yaks
  Menkaure (D:6)
  4 water moccasins
  An ice beast (D:6)
  3 black bears
  An orc warrior (D:9)
  A necrophage (D:4)
  A sky beast (D:8)
  A hornet zombie (Ossuary)
  3 ogres
  4 wolves (D:9)
  A centaur (D:9)
  2 kobold brigands
  4 scorpions
  4 bullfrogs
  3 water moccasin zombies (Ossuary)
  3 wyvern zombies
  8 killer bees
  7 wights
  2 electric eels
  8 howler monkeys
  8 bullfrog zombies
  A lava snake (Lair:1)
  8 orc priests
  10 hounds
  2 jellies
  2 centaur skeletons
  7 iguanas
  Ijyb (D:3)
  5 orc wizards
  2 killer bee zombies
  11 mummies (Ossuary)
  A hound skeleton (D:4)
  3 howler monkey zombies
  A howler monkey skeleton (D:4)
  5 adders
  4 ufetubi
  A worm (D:2)
  2 dart slugs
  19 orcs
  3 endoplasms
  2 giant cockroaches
  9 goblins
  4 hobgoblins
  9 jackals
  A quokka (D:2)
  3 bats
  A frilled lizard (D:2)
  11 kobolds
  5 rats
263 creatures vanquished.

Vanquished Creatures (others)
  3 plants (Lair:2)
  11 toadstools (D:1)
  13 withered plants
27 creatures vanquished.

Grand Total: 290 creatures vanquished

Notes
Turn   | Place    | Note
-------+----------+-------------------------------------------
     0 | D:1      | zeram the Spriggan Hunter began the quest for the Orb.
     0 | D:1      | Reached XP level 1. HP: 10/10 MP: 2/2
    37 | D:1      | Reached skill level 5 in Slings
   177 | D:1      | Reached XP level 2. HP: 14/14 MP: 3/3
   424 | D:1      | You fall into a shaft and drop 1 floor!
   538 | D:2      | Reached XP level 3. HP: 18/18 MP: 4/4
   684 | D:2      | Reached skill level 6 in Slings
  1373 | D:3      | Reached XP level 4. HP: 22/22 MP: 5/5
  1511 | D:3      | Noticed Ijyb
  1553 | D:3      | Killed Ijyb
  1554 | D:3      | Reached skill level 7 in Slings
  2040 | D:4      | Found a hazy altar of Hepliaklqana.
  2042 | D:4      | Found an ornate altar of the Wu Jian Council.
  2055 | D:4      | Found a snail-covered altar of Cheibriados.
  2055 | D:4      | Found an ancient bone altar of Kikubaaqudgha.
  2057 | D:4      | Found a glowing golden altar of the Shining One.
  2133 | D:4      | Noticed a necrophage
  2171 | D:4      | Killed a necrophage
  2172 | D:4      | Reached skill level 8 in Slings
  2172 | D:4      | Reached XP level 5. HP: 24/25 MP: 6/6
  2324 | D:4      | Reached XP level 6. HP: 30/30 MP: 7/7
  2417 | D:4      | Found a staircase to the Ecumenical Temple.
  2430 | Temple   | Entered the Ecumenical Temple
  2524 | Temple   | Became a worshipper of Gozag Ym Sagoz the Greedy
  2544 | D:4      | Reached skill level 9 in Slings
  2564 | D:4      | Reached XP level 7. HP: 22/33 MP: 8/8
  3166 | D:5      | Entered Level 5 of the Dungeon
  3169 | D:5      | Reached skill level 10 in Slings
  3889 | D:5      | Reached skill level 11 in Slings
  3900 | D:5      | Reached XP level 8. HP: 12/37 MP: 9/9
  4537 | D:5      | Reached skill level 12 in Slings
  5180 | D:6      | Reached skill level 13 in Slings
  5214 | D:6      | Reached XP level 9. HP: 26/41 MP: 10/10
  5242 | D:6      | Reached skill level 14 in Slings
  5242 | D:6      | Reached skill level 5 in Dodging
  5403 | D:6      | Noticed Menkaure
  5414 | D:6      | Killed Menkaure
  5693 | D:6      | Noticed Sigmund
  5700 | D:6      | Killed Sigmund
  5938 | D:7      | Found a white marble altar of Elyvilon.
  5938 | D:7      | Found a hide-covered altar of Uskayaw.
  5939 | D:7      | Found a sparkling altar of Nemelex Xobeh.
  5946 | D:7      | Reached skill level 15 in Slings
  6255 | D:7      | You fall into a shaft and drop 3 floors!
  6255 | D:10     | Entered Level 10 of the Dungeon
  6294 | D:10     | Found a runed translucent gate.
  6294 | D:10     | Found a runed translucent gate.
  6295 | D:10     | Noticed Joey1's ghost (journeyman MiBe)
  6295 | D:10     | Noticed math4jedi's ghost (novice MiBe)
  6296 | D:10     | Found a runed translucent gate.
  6809 | D:10     | Reached skill level 16 in Slings
  6809 | D:10     | Reached XP level 10. HP: 46/46 MP: 11/11
  6945 | D:10     | Noticed a two-headed ogre
  6953 | D:10     | Killed a two-headed ogre
  7093 | D:9      | Noticed Maurice
  7108 | D:9      | Killed Maurice
  7109 | D:9      | Reached skill level 17 in Slings
  7379 | D:9      | Found a staircase to the Lair.
  8105 | D:8      | Found a sand-covered staircase.
  8115 | Ossuary  | Entered an ossuary
  8184 | Ossuary  | HP: 1/46 [hornet zombie (11)]
  8320 | Ossuary  | Reached skill level 18 in Slings
  8320 | Ossuary  | Reached XP level 11. HP: 20/49 MP: 12/12
  9876 | D:8      | Noticed Psyche
  9884 | D:8      | Killed Psyche
 10926 | D:9      | Noticed Maggie
 11153 | D:9      | Killed Maggie
 11431 | D:7      | Noticed Joseph
 11473 | D:7      | Killed Joseph
 12622 | D:10     | Noticed a two-headed ogre
 12643 | D:10     | Killed a two-headed ogre
 12644 | D:10     | Reached skill level 19 in Slings
 12974 | D:10     | Found Obefoikh's Jewellery Shoppe.
 12983 | D:10     | Bought an amulet of regeneration for 360 gold pieces
 13145 | D:11     | Noticed an ogre mage
 13163 | D:11     | Killed an ogre mage
 13326 | D:11     | Noticed a centaur warrior
 13569 | D:10     | Killed Joey1's ghost
 14392 | D:11     | Noticed a skeletal warrior
 14392 | D:11     | Noticed a green ugly thing
 14451 | Lair:1   | Entered Level 1 of the Lair of Beasts
 15247 | Lair:2   | Noticed Harold
 15272 | Lair:2   | Killed Harold
 15273 | Lair:2   | Reached skill level 20 in Slings
 15365 | Lair:2   | Noticed a catoblepas
 15392 | Lair:2   | HP: 1/49 [catoblepas (12)]
 15400 | Lair:2   | Killed a catoblepas
 15401 | Lair:2   | Reached XP level 12. HP: 33/53 MP: 13/13
 15418 | Lair:2   | Reached skill level 10 in Dodging
 15421 | Lair:2   | Learned a level 2 spell: Blink
 15793 | Lair:2   | Noticed a death yak
 15793 | Lair:2   | Noticed a death yak
 15793 | Lair:2   | Noticed a death yak
 15793 | Lair:2   | Noticed a death yak
 15794 | Lair:2   | Noticed a death yak
 15838 | Lair:2   | Killed a death yak
 15839 | Lair:2   | Reached skill level 1 in Translocations
 15863 | Lair:2   | Killed a death yak
 15898 | Lair:2   | Killed a death yak
 15992 | Lair:2   | Killed a death yak
 16003 | Lair:2   | Killed a death yak
 16236 | Lair:2   | Noticed Urug
 16254 | Lair:2   | Killed Urug
 16868 | Lair:3   | Slain by a meliai

Illustrated notes

Levels and vault maps discovered:
D:1:      ldierk_walled_garden, layout_basic, chequers_ecumenical_altar_twisty,
          minmay_gold_behind_fungi
D:2:      layout_loops_cross, minivault_5
D:3:      layout_basic, kennysheep_generic_room_15, uniq_ijyb
D:4:      layout_basic, grunt_temple_overflow_open,
          minmay_temple_entry_proselytizer
D:5:      layout_rooms
D:6:      layout_rooms, uniq_sigmund, uniq_menkaure
D:7:      layout_basic, chequers_temple_overflow_statue_of_worship,
          enter_bailey_4, uniq_joseph
D:8:      layout_basic, nicolae_ossuary_entry_ruins, hangedman_decor_riveting,
          uniq_psyche
D:9:      layout_basic, erik_lair_island, billiards_dpeg, uniq_maurice,
          uniq_maggie
D:10:     layout_loops_cross, gammafunk_ghost_cemetery, serial_shops,
          nicolae_lakefront_shop, grunt_decor_clamped
D:11:     minmay_diamond_stairs, layout_rooms, david_orc_5,
          portal_ice_cave_demonic_guard, uniq_snorg
Temple:   nicolae_temple_great_sept
Lair:1:   layout_gridlike, lemuel_fruit_fields
Lair:2:   layout_cellular_growth, uniq_harold, uniq_urug
Lair:3:   regret_index_combs_of_tragedy, layout_layer_cave, enter_volcano_4,
          st_stairs_8

Skill      XL: |  1  2  3  4  5  6  7  8  9 10 11 12 |
---------------+-------------------------------------+-----
Slings         | 5 6 8 9 11 13 16 18 20 | 20.8
Dodging        | 3 4 6 8 9 11 | 11.0
Translocations | 4 |  4.6
Fighting       | |  1.5
Stealth        | |  1.5

Action                   |  1- 3 |  4- 6 |  7- 9 | 10-12 || total
-------------------------+-------+-------+-------+-------++-------
Melee: Short sword       |       |       |       |    14 ||    14
 Fire: Hunting sling     |    90 |   109 |   372 |  1210 ||  1781
Evoke: Wand              |       |       |       |    57 ||    57
  Use: Scroll            |     4 |     3 |     7 |    14 ||    28
       Potion            |       |       |     3 |     9 ||    12
Armor: Robe              |     3 |     4 |    16 |    37 ||    60
       Skin              |       |       |       |    27 ||    27
Dodge: Dodged            |    10 |    39 |    95 |   328 ||   472
